 Dungeon Crawl Stone Soup version 0.30.0-5-g1a98f26d00 (webtiles) character file.

Game seed: 2532642373336473022

215 bjtr the Digger (level 5, -2/28 HPs)
             Began as a Gargoyle Earth Elementalist on May 10, 2023.
             Slain by an orc priest
             ... wielding a +0 flail
              (8 damage)
             ... on level 4 of the Dungeon.
             The game lasted 00:12:27 (4300 turns).

bjtr the Digger (Gargoyle Earth Elementalist)       Turns: 4300, Time: 00:12:28

Health: -2/28      AC:  8    Str: 12    XL:     5   Next: 92%
Magic:  10/10      EV: 11    Int: 17    God:
Gold:   141        SH:  3    Dex: 10    Spells: 1/11 levels left

rFire   . . .        b - +1 sling (elec)
rCold   . . .        f - +0 buckler
rNeg    + . .        j - +0 leather armour
rPois   ∞            (no helmet)
rElec   +            q - +0 cloak
rCorr   .            (no gloves)
SInv    .            (no boots)
Will    .....        (no amulet)
Stlth   ++           p - ring of wizardry
HPRegen 0.24/turn    (no ring)
MPRegen 0.12/turn

%: wizardry (x1)
@: no status effects
A: sickness immunity, AC +4, negative energy resistance 1, electricity
resistance, torment resistance 1, petrification resistance
a: no special abilities


You were on level 4 of the Dungeon.
You visited 1 branch of the dungeon, and saw 4 of its levels.

You collected 141 gold pieces.

Inventory:

Hand Weapons
 a - a +0 war axe
 b - a +1 sling of electrocution (weapon)
 h - a +0 spear
 k - a +0 short sword
 o - a +0 whip
 t - a +0 mace
Missiles
 e - 9 poisoned darts
Armour
 d - a +0 robe
 f - a +0 buckler (worn)
 j - a +0 leather armour (worn)
 q - a +0 cloak (worn)
Jewellery
 p - a ring of wizardry (left hand)
Wands
 r - a wand of mindburst (12)
Scrolls
 m - a scroll of fog
 s - a scroll of fear {unknown}
 u - a scroll of amnesia {unknown}
 w - a scroll of identify {unknown}
 x - 2 scrolls of enchant weapon
Potions
 c - a potion of magic
 g - a potion of brilliance {unknown}
 i - a potion of invisibility {unknown}
 l - a potion of curing {unknown}
 n - a potion of flight {unknown}
 v - a potion of haste {unknown}


   Skills:
 + Level 2.5 Armour
 + Level 1.7 Dodging
 + Level 2.3 Stealth
 * Level 1.6 Shields
 + Level 3.5 Spellcasting
 - Level 0.7 Transmutations
 + Level 5.1 Earth Magic


You had one spell level left.
You knew the following spells:

 Your Spells              Type           Power      Damage    Failure   Level
a - Sandblast             Erth           40%        2d10      1%          1
b - Passwall              Tmut/Erth      10%        N/A       6%          2
c - Stone Arrow           Conj/Erth      22%        3d8       13%         3
d - Petrify               Tmut/Erth      12%        N/A       34%         4

Your spell library contained the following spells:

 Spells                   Type           Power      Damage    Failure   Level
 Blink                    Tloc           4%         N/A       19%         2
 Lesser Beckoning         Tloc           4%         N/A       19%         2
 Momentum Strike          Conj/Tloc      4%         3d8       19%         2


Dungeon Overview and Level Annotations

Branches:
Dungeon (4/15)
 Temple: D:4-7

Altars:
Uskayaw
Zin


Innate Abilities, Weirdness & Mutations

You are immune to sickness and miasma.
Your stone body is resilient. (AC +4)
You are immune to poison.
You resist negative energy. (rN+)
You are resistant to electric shocks. (rElec)
You are resistant to unholy torment.
You are immune to petrification.


Message History

Done waiting.
You shoot a sling bullet. The sling bullet hits the orc priest.
The orc priest shouts!
The orc priest is lightly wounded.
The orc priest shouts!
An orc comes into view. It is wielding a +0 trident.
You shoot a sling bullet. The orc shouts!
The sling bullet hits the orc priest.
The orc priest is heavily wounded.
An orc priest comes into view. It is wielding a +0 war axe.
You shoot a sling bullet. The orc priest shouts!
The sling bullet hits the orc priest but does no damage.
The orc priest is heavily wounded.
You shoot a sling bullet. The sling bullet hits the orc priest.
The orc priest is severely wounded.
The orc priest misses you.
The orc hits you from afar with a +0 trident. x2
The orc priest closely misses you.
Unknown command.
You shoot a sling bullet. The sling bullet hits the orc priest.
The orc priest is almost dead.
The orc hits you from afar with a +0 trident.
Unknown command.
The orc priest attacks as you move away!
The orc priest hits you with a +0 war axe.
The orc priest closely misses you.
The orc priest calls upon Beogh to heal the orc priest.
The orc priest is healed somewhat.
The orc priest mumbles some strange prayers to Beogh against you.
Beogh smites you!
* * * LOW HITPOINT WARNING * * *
You see here a giant cockroach corpse.
The orc priest attacks as you move away!
The orc priest hits you with a +0 dagger.
* * * LOW HITPOINT WARNING * * *
The orc priest attacks as you move away!
The orc priest hits you with a +0 flail!
You die...

..... .. ......... ..
.... .. ..#..... ..
.).#.# ...# ..
....##...##. .. #
........... ..
#.#........# .. #
....#.#oo......#..#. #
......oo.......#....
###...#@#...........
+...+.'...........
#...#.#...........
................... .
......#...........# .
......#...........##+#..
....#..................
....#..................
..........##...........


You could see 3 orc priests and an orc.

Vanquished Creatures
  2 hounds (D:4)
  Ijyb (D:3)
  3 gnolls (D:4)
  3 adders
  3 orcs
  10 ball pythons
  6 bats
  4 endoplasms
  4 giant cockroaches
  3 goblins
  10 hobgoblins
  4 jackals (D:1)
  5 kobolds
  2 quokkas (D:1)
  3 frilled lizards
  2 rats
65 creatures vanquished.

Notes
Turn   | Place    | Note
-------+----------+-------------------------------------------
     0 | D:1      | bjtr the Gargoyle Earth Elementalist began the quest for
                  | the Orb.
     0 | D:1      | Reached XP level 1. HP: 10/10 MP: 3/3
   175 | D:1      | Reached skill level 4 in Earth Magic
   175 | D:1      | Reached XP level 2. HP: 14/15 MP: 1/5
   184 | D:1      | Learned a level 2 spell: Passwall
   567 | D:1      | Reached XP level 3. HP: 19/19 MP: 3/6
  2020 | D:3      | Reached skill level 1 in Armour
  2020 | D:3      | Reached XP level 4. HP: 24/24 MP: 4/7
  2094 | D:3      | Noticed Ijyb
  2108 | D:3      | Killed Ijyb
  2109 | D:3      | Reached skill level 1 in Shields
  2122 | D:3      | Reached skill level 5 in Earth Magic
  2199 | D:3      | Learned a level 3 spell: Stone Arrow
  2293 | D:3      | Found a hide-covered altar of Uskayaw.
  2293 | D:3      | Found a glowing silver altar of Zin.
  2386 | D:3      | Reached XP level 5. HP: 28/28 MP: 7/9
  2688 | D:3      | Learned a level 4 spell: Petrify
  4300 | D:4      | Slain by an orc priest

Illustrated notes

Levels and vault maps discovered:
D:1:      shiori_arrival_elements, layout_basic
D:2:      layout_basic, serial_forest, infiniplex_forest_straight_2,
          infiniplex_forest_corner_1, infiniplex_forest_split,
          infiniplex_forest_clump_diagonal, infiniplex_forest_straight_2,
          infiniplex_forest_clump_medium
D:3:      layout_basic, amethyst_overflow_temple_binary, lemuel_flame_loot_1,
          uniq_ijyb
D:4:      layout_basic

Skill      XL: |  1  2  3  4  5 |
---------------+----------------+-----
Earth Magic    | 4 5 |  5.1
Armour         | 1 2 |  2.5
Shields        | 1 |  1.6
Spellcasting   | 3 |  3.5
Dodging        | |  1.7
Stealth        | |  2.3
Transmutations | |  0.7

Action                     |  1- 3 |  4- 6 || total
---------------------------+-------+-------++-------
  Melee: Whip              |    17 |       ||    17
         Punch             |     1 |       ||     1
         War axe           |       |     5 ||     5
   Fire: Sling             |       |     6 ||     6
   Cast: Sandblast         |    48 |    35 ||    83
    Use: Scroll            |     2 |     2 ||     4
 Armour: Robe              |     2 |       ||     2
         Leather armour    |     7 |     9 ||    16
  Dodge: Dodged            |    19 |    18 ||    37
  Block: Buckler           |     3 |     2 ||     5
